 Dungeon Sprint DCSS version 0.27-a0-1051-g288ea87c7c (webtiles) character file.

Game seed: 10866798856538029072

2949 mhtbhm the Scorcher (level 9, -7/38 (47) HPs)
             Began as a Deep Elf Fire Elementalist on Apr 20, 2021.
             Was a High Priest of Vehumet.
             Mangled by a +3 flail of draining (23 damage)
             ... in the Dungeon (Sprint V: "Ziggurat Sprint").
             The game lasted 00:04:08 (711 turns).

mhtbhm the Scorcher (Deep Elf Fire Elementalist)     Turns: 711, Time: 00:04:09

HP:   -7/38 (47)    AC:  5    Str:  5    XL:     9   Next: 51%
MP:   22/28         EV: 17    Int: 36    God:    Vehumet [*****.]
Gold: 0             SH:  0    Dex: 15    Spells: 18/34 levels left

rFire    + . .     SeeInvis .   C - +8 lance "Wyrmbane" {slay drac, rPois rF+ rC+ AC+3}
rCold    + . .     Faith    .   (no shield)
rNeg     . . .     Spirit   .   a - +0 robe
rPois    +         Reflect  .   (no helmet)
rElec    .         Harm     .   (no cloak)
rCorr    .         Rampage  .   (no gloves)
Will     .....     NoTele   +   (no boots)
Stlth    ++++......             (no amulet)
HPRegen  0.12/turn              u - +6 ring of intelligence
MPRegen  0.21/turn              v - +6 ring of intelligence

@: heavily drained
A: no striking features
a: Renounce Religion


You were in the Dungeon.
You worshipped Vehumet.
Vehumet was extremely pleased with you.
You visited 1 branch

Inventory:

Hand Weapons
 C - the +8 lance "Wyrmbane" (weapon) {slay drac, rPois rF+ rC+ AC+3}
   (You found it in the Dungeon)

   It affects your AC (+3).
   It protects you from fire.
   It protects you from cold.
   It protects you from poison.
Missiles
 s - 3 throwing nets
Armour
 a - a +0 robe (worn)
Jewellery
 r - a ring of protection from fire
 u - a +6 ring of intelligence (left hand)
 v - a +6 ring of intelligence (right hand)
Wands
 y - a wand of mindburst (7)
 z - a wand of iceblast (4)
 A - a wand of acid (3)
Scrolls
 m - 4 scrolls of amnesia
 n - 7 scrolls of fog
 o - a scroll of holy word
 p - 5 scrolls of identify
 q - 2 scrolls of fear
Potions
 b - 2 potions of brilliance
 c - 10 potions of curing
 d - 4 potions of heal wounds
 e - 6 potions of haste
 f - 7 potions of magic
 g - 3 potions of berserk rage
 i - 2 potions of invisibility
 j - 4 potions of resistance
 k - a potion of experience
 l - 5 potions of might
Miscellaneous
 h - a phantom mirror
 t - a box of beasts
 B - a lightning rod (4/4)


   Skills:
 + Level 1.0 Fighting
 + Level 9.8 Dodging
 + Level 7.4 Stealth
 + Level 13.3 Spellcasting
 + Level 6.1 Conjurations
 + Level 15.6 Fire Magic
 + Level 6.9 Evocations


You had 18 spell levels left.
You knew the following spells:

 Your Spells              Type           Power      Damage    Failure   Level
a - Foxfire               Conj/Fire      100%       2x1d9     0%          1
b - Conjure Flame         Conj/Fire      80%        6-21      1%          3
c - Inner Flame           Hex/Fire       69%        N/A       1%          3
d - Sticky Flame          Conj/Fire      80%        2d9       1%          4
e - Fireball              Conj/Fire      40%        3d16      1%          5

Your spell library contained the following spells:

 Spells                   Type           Power      Damage    Failure   Level
 Dazzling Flash           Conj/Hex       92%        N/A       1%          3
 Ignite Poison            Fire/Tmut/Pois 58%        N/A       1%          3
 Sublimation of Blood     Necr           12%        N/A       2%          2
 Irradiate                Conj/Tmut      23%        3d21      3%          5
 Petrify                  Tmut/Erth      24%        N/A       16%         4
 Alistair's Intoxication  Tmut/Pois      16%        N/A       41%         5
 Eringya's Noxious Bog    Tmut/Pois      12%        N/A       50%         6
 Haunt                    Necr/Summ      12%        N/A       100%        7
 Malign Gateway           Summ/Tloc      12%        N/A       100%        7
 Monstrous Menagerie      Summ           12%        N/A       100%        7
 Summon Horrible Things   Summ           12%        N/A       100%        8


Dungeon Overview and Level Annotations

Branches:
Dungeon (1/1)

Altars:
Ashenzari
Cheibriados
Dithmenos
Elyvilon
Fedhas
Gozag
Hepliaklqana
Kikubaaqudgha
Makhleb
Nemelex Xobeh
Okawaru
Qazlal
Ru
Sif Muna
Trog
Uskayaw
Vehumet
Wu Jian
Xom
Yredelemnul
Zin
The Shining One
Beogh
Jiyva
Lugonu


Message History

Unknown command.
Aiming: Corrosive Bolt
Press: ? - help, Shift-Dir - straight line, f - deep elf pyromancer
Aim: a deep elf pyromancer, wielding a +0 long sword and wearing a +0 leather armour (lightly wounded, 64% to hit)
Okay, then.
Okay, then.
Casting: Fireball (safe; 1% risk of failure)
Confirm with . or Enter, or press ? or * to list all spells.
Aiming: Sticky Flame (safe; 1% risk of failure)
Press: ? - help, Shift-Dir - straight line, f - deep elf pyromancer
Aim: a deep elf pyromancer, wielding a +0 long sword and wearing a +0 leather armour (lightly wounded, 100% to hit)
Okay, then.
Unknown command.
Okay, then.
Casting: Sticky Flame (safe; 1% risk of failure)
Confirm with . or Enter, or press ? or * to list all spells.
Okay, then.
Unknown command.
Aiming: Iceblast
Press: ? - help, Shift-Dir - straight line
Okay, then.
Unknown command.
You feel much better. The +3 flail of draining hits you!
You feel drained.
The fire elemental completely misses you.
The deep elf pyromancer misses you. The +3 flail of draining hits you!
You feel drained. The fire elemental misses you.
Unknown command.
You feel much better. The +3 flail of draining hits you.
You feel drained.
The deep elf pyromancer hits you with a +0 long sword.
The fire elemental misses you.
Unknown command.
Aiming: Corrosive Bolt
Press: ? - help, Shift-Dir - straight line, f - +3 flail of draining
Aim: a +3 flail of draining (heavily damaged, 48% to hit)
The bolt of acid misses the +3 flail of draining.
The +3 flail of draining hits you!
You feel drained. The fire elemental hits you. The fire elemental burns you!
You resist. The +3 flail of draining hits you!!
Ouch! That really hurt!
You die...

▓..):=..▓
▓..=)...▓
▓.......▓
▓.......▓
▓..)....▓
▓..)).○○▓
▓.▓.e(▓.▓
▓...©@EE▓
▓▓▓▓▓▓▓▓▓


You could see a deep elf pyromancer, 2 fire elementals and a +3 flail of
draining.

Vanquished Creatures
  A deep elf zephyrmancer (D)
  An ugly thing (D)
  A deep elf pyromancer (D)
  4 merfolk (D)
  A spriggan (D)
  An air elemental (D)
  A golden eye (shapeshifter) (D)
  A water moccasin (shapeshifter) (D)
  A black bear (shapeshifter) (D)
  A tengu (shapeshifter) (D)
  A wolf (D)
  A crimson imp (D)
  An orc priest (D)
  An orc wizard (D)
  A shadow imp (D)
  A white imp (D)
  2 orcs (D)
21 creatures vanquished.

Vanquished Creatures (others)
  A dancing weapon (D)
1 creature vanquished.

Grand Total: 22 creatures vanquished

Notes
Turn   | Place    | Note
-------+----------+-------------------------------------------
     0 | D        | mhtbhm the Deep Elf Fire Elementalist began the quest for
                  | the Orb.
     0 | D        | Reached XP level 1. HP: 10/10 MP: 6/6
     0 | D        | Found a shimmering blue altar of Sif Muna.
     0 | D        | Found a bloodstained altar of Trog.
     0 | D        | Found a sacrificial altar of Ru.
     0 | D        | Found a stormy altar of Qazlal.
     0 | D        | Found an iron altar of Okawaru.
     1 | D        | Found a sparkling altar of Nemelex Xobeh.
     1 | D        | Found a blossoming altar of Fedhas.
     2 | D        | Found the +6 Majin-Bo {vamp, MP+6 Int+6}
     2 | D        | Found the +9 heavy crossbow "Sniper" {vorpal, Acc+∞ SInv}
     2 | D        | Found the +10 dark maul {vorpal}
     2 | D        | Found the +15 Maxwell's patent armour {-Cast -Tele rElec
                  | Will+ rCorr}
     2 | D        | Found the +18 shield of the Gong {rElec rN+ Will+ EV-5}
     2 | D        | Found the +14 obsidian axe {vorpal, Drain Fly SInv}
     2 | D        | Found the +7 great mace "Firestarter" {inner flame, rF++}
     2 | D        | Found the +6 shillelagh "Devastator" {shatter}
     2 | D        | Found the +11 plutonium sword {Contam Stlth-}
     2 | D        | Found the +8 lance "Wyrmbane" {slay drac, rPois rF+ rC+
                  | AC+3}
     2 | D        | Found the +9 sword of Zonguldrok {reap}
     2 | D        | Found the +13 scythe of Curses {drain, Drain}
     2 | D        | Found the +5 sword of Power {vorpal}
     2 | D        | Found the +7 mace of Variability {chain chaos}
     2 | D        | Found the +7 Singing Sword {vorpal, sonic wave}
     2 | D        | Found the +8 storm bow {elec, penet}
     3 | D        | Found a transporter.
     3 | D        | Found an ancient bone altar of Kikubaaqudgha.
     3 | D        | Found a viscous altar of Jiyva.
     3 | D        | Found a corrupted altar of Lugonu.
     3 | D        | Found a hazy altar of Hepliaklqana.
     3 | D        | Found a burning altar of Makhleb.
     3 | D        | Found an opulent altar of Gozag.
     4 | D        | Banished a spatial maelstrom
    35 | D        | Became a worshipper of Vehumet
    59 | D        | Entered arena 2.
    59 | D        | Noticed a spriggan
    59 | D        | Noticed a wolf
    59 | D        | Found a transporter.
    64 | D        | Killed a spriggan
    65 | D        | Reached skill level 5 in Dodging
    65 | D        | Reached skill level 9 in Fire Magic
    65 | D        | Reached skill level 1 in Evocations
    65 | D        | Reached XP level 2. HP: 15/15 MP: 6/11
    65 | D        | Reached XP level 3. HP: 19/19 MP: 7/13
    65 | D        | Reached XP level 4. HP: 24/24 MP: 7/14
    65 | D        | Reached XP level 5. HP: 28/28 MP: 8/16
    66 | D        | Killed a wolf
    67 | D        | Reached skill level 10 in Fire Magic
   130 | D        | Learned a level 3 spell: Conjure Flame
   134 | D        | Learned a level 3 spell: Inner Flame
   139 | D        | Learned a level 4 spell: Sticky Flame
   145 | D        | Learned a level 5 spell: Fireball
   247 | D        | Entered arena 3.
   247 | D        | Found a transporter.
   249 | D        | Reached * piety under Vehumet
   249 | D        | Offered knowledge of Sandblast by Vehumet.
   250 | D        | Reached skill level 5 in Stealth
   252 | D        | Reached ** piety under Vehumet
   253 | D        | Reached XP level 6. HP: 30/32 MP: 2/19
   356 | D        | Entered arena 4.
   356 | D        | Found a transporter.
   358 | D        | Reached skill level 11 in Fire Magic
   372 | D        | Entered arena 5.
   372 | D        | Noticed a merfolk
   372 | D        | Noticed a merfolk
   372 | D        | Noticed a merfolk
   372 | D        | Noticed a merfolk
   372 | D        | Found a transporter.
   376 | D        | Killed a merfolk
   376 | D        | Reached *** piety under Vehumet
   377 | D        | Reached skill level 12 in Fire Magic
   377 | D        | Reached XP level 7. HP: 28/36 MP: 4/21
   378 | D        | Killed a merfolk
   379 | D        | Reached skill level 10 in Spellcasting
   385 | D        | Killed a merfolk
   385 | D        | Offered knowledge of Magic Dart by Vehumet.
   385 | D        | Killed a merfolk
   385 | D        | Reached **** piety under Vehumet
   386 | D        | Reached skill level 13 in Fire Magic
   386 | D        | Reached XP level 8. HP: 5/41 MP: 14/24
   659 | D        | Entered arena 6.
   659 | D        | Noticed a white ugly thing
   659 | D        | Found a transporter.
   660 | D        | Offered knowledge of Dazzling Flash by Vehumet.
   661 | D        | Reached skill level 14 in Fire Magic
   661 | D        | Reached skill level 5 in Evocations
   662 | D        | Killed a white ugly thing
   662 | D        | Reached ***** piety under Vehumet
   663 | D        | Reached skill level 5 in Conjurations
   663 | D        | Reached XP level 9. HP: 46/46 MP: 19/27
   702 | D        | Entered arena 7.
   702 | D        | Noticed a +3 flail of draining
   702 | D        | Noticed a deep elf pyromancer
   702 | D        | Noticed a deep elf pyromancer
   702 | D        | Noticed a +0 vampiric short sword
   702 | D        | Noticed a deep elf zephyrmancer
   703 | D        | Found the +8 arc blade {discharge, rElec}
   704 | D        | Killed a +0 vampiric short sword
   705 | D        | Reached skill level 15 in Fire Magic
   706 | D        | Killed a deep elf pyromancer
   707 | D        | Killed a deep elf zephyrmancer
   707 | D        | HP: 2/45 [+3 flail of draining (4)]
   708 | D        | Reached skill level 1 in Fighting
   711 | D        | Mangled by a +3 flail of draining

Illustrated notes

Levels and vault maps discovered:
D:        sprint_v [room_start, room_1, room_2, room_3, room_4, room_5, room_6,
          room_7, room_8, room_9, room_10, room_11, room_12, room_13, room_14,
          room_15, room_16, room_17, room_18, room_19, room_20, room_21,
          room_22, room_23, room_24, room_25, room_26, room_27]

Skill      XL: |  1  2  3  4  5  6  7  8  9 |
---------------+----------------------------+-----
Dodging        | 5 6 7 8 9 |  9.8
Stealth        | 4 5 6 7 |  7.4
Spellcasting   | 6 8 9 10 12 13 | 13.3
Fire Magic     | 9 10 12 13 14 15 | 15.6
Evocations     | 1 2 3 4 5 6 |  6.9
Conjurations   | 2 3 5 6 |  6.1
Fighting       | 1 |  1.0

Action                   |  1- 3 |  4- 6 |  7- 9 || total
-------------------------+-------+-------+-------++-------
 Cast: Fireball          |       |     5 |     5 ||    10
Evoke: Wand              |     2 |       |     5 ||     7
       Lightning rod     |     1 |     4 |     4 ||     9
  Use: Scroll            |     2 |     1 |     1 ||     4
       Potion            |       |       |     6 ||     6
Armor: Robe              |       |       |     2 ||     2
Dodge: Dodged            |     2 |     2 |    10 ||    14

Table legend: (Time is in decaauts)
 A = Elapsed time spent in this place.
 B = Non-inter-level travel time spent in this place.
 C = Inter-level travel time spent in this place.
 D = Time resting spent in this place.
 E = Time spent auto-exploring this place.
 F = Levels seen in this place.
 G = Mean time per level.
                   A        B        C        D        E       F      G
               +--------+--------+--------+--------+--------+-----+--------+
         Total |    709 |    709 |      0 |    513 |      0 |   1 |  709.0 |
       Dungeon |    709 |    709 |      0 |    513 |      0 |   1 |  709.0 |
               +--------+--------+--------+--------+--------+-----+--------+

Top non-repeatable levels by time:
       D: 709 daAuts
